SAAA
ALLOWAY HALBERDS @ HIALEAH DODOS
09/03/2037
 
TOP OF THE 1ST
Alloway Halberds batting - Pitching for Hialeah Dodos : RHP Pedro López
Pitching: RHP Pedro López
Batting: RHB Jordan Hollins 0-0: Called Strike
0-1: SINGLE (Groundball, 6MD, EV 95.0 MPH)
Batting: LHB Juan Jimínez 0-0: Called Strike
0-1: Foul Ball, location: 2F
0-2: Ball
1-2: Fly out, F8 (Flyball, 8LM, EV 82.5 MPH)
Batting: RHB Tom Boyer 0-0: Called Strike
Jordan Hollins is caught stealing 2nd base 2-4
0-1: Ball
1-1: Called Strike
1-2: Ball
2-2: Ball
3-2: Foul Ball, location: 2F
3-2: Ground out 4-3 (Groundball, 34, EV 100.0 MPH)
Top of the 1st over - 0 runs, 1 hit, 0 errors, 0 left on base; Alloway 0 - Hialeah 0
BOTTOM OF THE 1ST
Hialeah Dodos batting - Pitching for Alloway Halberds : RHP Jack Joyner
Pitching: RHP Jack Joyner
Batting: SHB Arvo Helminen 0-0: Ball
1-0: Called Strike
1-1: Ball
2-1: Fly out, F4 (Popup, 4M, EV 61.2 MPH)
Batting: RHB Daniel Maldonado 0-0: Swinging Strike
0-1: Ball
1-1: Ball
2-1: Foul Ball, location: 2F
2-2: Fly out, F8 (Flyball, 8RS, EV 84.4 MPH)
Batting: RHB Nick Boyd 0-0: Called Strike
0-1: Foul Ball, location: 2F
0-2: Ball
1-2: Foul Ball, location: 2F
1-2: Foul Ball, location: 2F
1-2: Ground out 6-3 (Groundball, 56D, EV 102.5 MPH)
Bottom of the 1st over - 0 runs, 0 hits, 0 errors, 0 left on base; Alloway 0 - Hialeah 0
TOP OF THE 2ND
Alloway Halberds batting - Pitching for Hialeah Dodos : RHP Pedro López
Batting: LHB Bora Garasanin 0-0: Called Strike
0-1: Ball
1-1: Foul Ball, location: 2F
1-2: Strikes out swinging, 2-3 out at first.
Batting: RHB Manny Gonzáles 0-0: Called Strike
0-1: Ground out 6-3 (Groundball, 6, EV 87.5 MPH)
Batting: RHB Carlos Garza 0-0: Swinging Strike
0-1: Ball
1-1: Fly out, F9 (Line Drive, 9, EV 87.5 MPH)
Top of the 2nd over - 0 runs, 0 hits, 0 errors, 0 left on base; Alloway 0 - Hialeah 0
BOTTOM OF THE 2ND
Hialeah Dodos batting - Pitching for Alloway Halberds : RHP Jack Joyner
Batting: RHB Jon Deal 0-0: Called Strike
0-1: Fly out, F9 (Flyball, 9, EV 82.5 MPH)
Batting: RHB Dan Chrzan 0-0: Called Strike
0-1: Swinging Strike
0-2: Ball
1-2: Fly out, F8 (Flyball, 8RM, EV 90.6 MPH)
Batting: RHB Paul Byrd 0-0: Called Strike
0-1: Ground out 6-3 (Groundball, 6, EV 84.4 MPH)
Bottom of the 2nd over - 0 runs, 0 hits, 0 errors, 0 left on base; Alloway 0 - Hialeah 0
TOP OF THE 3RD
Alloway Halberds batting - Pitching for Hialeah Dodos : RHP Pedro López
Batting: RHB Greg Bugarin 0-0: Called Strike
0-1: Foul Ball, location: 2F
0-2: Fly out, F9 (Flyball, 89M, EV 92.5 MPH)
Batting: RHB Scotty Smalls 0-0: Ground out 4-3 (Groundball, 4, EV 83.8 MPH)
Batting: RHB José Alcalá 0-0: Called Strike
0-1: Called Strike
0-2: Ball
1-2: Foul Ball, location: 2F
1-2: Foul Ball, location: 2F
1-2: Ground out U3 (Groundball, 3, EV 101.9 MPH)
Top of the 3rd over - 0 runs, 0 hits, 0 errors, 0 left on base; Alloway 0 - Hialeah 0
BOTTOM OF THE 3RD
Hialeah Dodos batting - Pitching for Alloway Halberds : RHP Jack Joyner
Batting: RHB Gabrio Campoverde 0-0: Ball
1-0: Ball
2-0: Called Strike
2-1: Ball
3-1: Fly out, F4 (Popup, 3S, EV 91.2 MPH)
Batting: RHB Ernesto Trevino 0-0: Ball
1-0: Ball
2-0: Ground out 6-3 (Groundball, 56D, EV 105.6 MPH)
Batting: RHB Richard Sonntag 0-0: Ball
1-0: Ball
2-0: Ball
3-0: Base on Balls
Batting: SHB Arvo Helminen 0-0: Ball
1-0: Ball
2-0: Fly out, F8 (Line Drive, 8RM, EV 101.9 MPH)
Bottom of the 3rd over - 0 runs, 0 hits, 0 errors, 1 left on base; Alloway 0 - Hialeah 0
TOP OF THE 4TH
Alloway Halberds batting - Pitching for Hialeah Dodos : RHP Pedro López
Batting: RHB Jordan Hollins 0-0: Ball
1-0: Fly out, F8 (Flyball, 8LM, EV 86.2 MPH)
Batting: LHB Juan Jimínez 0-0: Called Strike
0-1: Foul Ball, location: 2F
0-2: Foul Ball, location: 2F
0-2: Foul Ball, location: 2F
0-2: Ball
1-2: SINGLE (Flyball, 78S, EV 88.1 MPH)
Batting: RHB Tom Boyer 0-0: Ball
1-0: Fly out, F8 (Flyball, 8LD, EV 105.0 MPH)
Batting: LHB Bora Garasanin Balk!
Juan Jimínez to second
Pickoff Throw to Second - Out!
Top of the 4th over - 0 runs, 1 hit, 0 errors, 0 left on base; Alloway 0 - Hialeah 0
BOTTOM OF THE 4TH
Hialeah Dodos batting - Pitching for Alloway Halberds : RHP Jack Joyner
Batting: RHB Daniel Maldonado 0-0: Called Strike
0-1: Ball
1-1: Fly out, F8 (Flyball, 78D, EV 100.0 MPH)
Batting: RHB Nick Boyd 0-0: Ball
1-0: Called Strike
1-1: Ball
2-1: Swinging Strike
2-2: Strikes out swinging
Batting: RHB Jon Deal 0-0: Ball
1-0: Ball
2-0: Called Strike
2-1: Foul Ball, location: 2F
2-2: Ball
3-2: Fly out, F4 (Popup, 4S, EV 69.4 MPH)
Bottom of the 4th over - 0 runs, 0 hits, 0 errors, 0 left on base; Alloway 0 - Hialeah 0
TOP OF THE 5TH
Alloway Halberds batting - Pitching for Hialeah Dodos : RHP Pedro López
Batting: LHB Bora Garasanin 0-0: Ball
1-0: Ball
2-0: Foul Ball, location: 2F
2-1: Called Strike
2-2: Strikes out swinging
Batting: RHB Manny Gonzáles 0-0: Called Strike
0-1: Foul Ball, location: 2F
0-2: Strikes out looking
Batting: RHB Carlos Garza 0-0: Foul Ball, location: 2F
0-1: Foul Ball, location: 2F
0-2: Ball
1-2: Ball
2-2: Ground out 5-3 (Groundball, 56S, EV 87.5 MPH)
Top of the 5th over - 0 runs, 0 hits, 0 errors, 0 left on base; Alloway 0 - Hialeah 0
BOTTOM OF THE 5TH
Hialeah Dodos batting - Pitching for Alloway Halberds : RHP Jack Joyner
Batting: RHB Dan Chrzan 0-0: Ball
1-0: Called Strike
1-1: Ball
2-1: SINGLE (Groundball, 6MD, EV 104.4 MPH)
Batting: RHB Paul Byrd 0-0: SINGLE (Groundball, 4D, EV 106.9 MPH)
Dan Chrzan to second
Runner from 2nd tries for 3rd, SAFE, no throw by RF
Batting: RHB Gabrio Campoverde 0-0: Ball
1-0: Fly out, F9 (Flyball, 9, EV 85.0 MPH)
Runner from 3rd tags up, SCORES, throw by RF
Batting: RHB Ernesto Trevino 0-0: Foul Ball, location: 2F
0-1: Ball
1-1: Ball
2-1: SINGLE (Line Drive, 7S, EV 106.9 MPH)
Paul Byrd to second
Batting: RHB Richard Sonntag 0-0: Foul Ball, location: 2F
0-1: Fly out, F8 (Flyball, 8RD, EV 104.4 MPH)
Batting: SHB Arvo Helminen 0-0: Foul Ball, location: 2F
0-1: Foul Ball, location: 2F
0-2: Ball
1-2: TRIPLE (Line Drive, 9D, EV 108.8 MPH)
Paul Byrd scores
Ernesto Trevino scores
Batting: RHB Daniel Maldonado 0-0: Swinging Strike
0-1: Ball
1-1: Ball
2-1: Swinging Strike
2-2: Ball
3-2: Base on Balls
Batting: RHB Nick Boyd 0-0: Ball
Pickoff Throw to First - Error! E1
Arvo Helminen scores
Daniel Maldonado to second
1-0: Swinging Strike
1-1: Ball
2-1: Ball
3-1: Called Strike
3-2: Base on Balls
Batting: RHB Jon Deal 0-0: Foul Ball, location: 2F
0-1: Ball
1-1: Fly out, F7 (Flyball, 8LS, EV 95.0 MPH)
Bottom of the 5th over - 4 runs, 4 hits, 1 error, 2 left on base; Alloway 0 - Hialeah 4
TOP OF THE 6TH
Alloway Halberds batting - Pitching for Hialeah Dodos : RHP Pedro López
Batting: RHB Greg Bugarin 0-0: Ball
1-0: Foul Ball, location: 2F
1-1: Called Strike
1-2: Fly out, F7 (Flyball, 78M, EV 90.0 MPH)
Batting: RHB Scotty Smalls 0-0: Ground out 5-3 (Groundball, 56S, EV 88.1 MPH)
Batting: RHB José Alcalá 0-0: Called Strike
0-1: Ball
1-1: Ball
2-1: Called Strike
2-2: Ball
3-2: Strikes out swinging, 2-3 out at first.
Top of the 6th over - 0 runs, 0 hits, 0 errors, 0 left on base; Alloway 0 - Hialeah 4
BOTTOM OF THE 6TH
Hialeah Dodos batting - Pitching for Alloway Halberds : RHP Jack Joyner
Batting: RHB Dan Chrzan 0-0: Called Strike
0-1: Ball
1-1: Swinging Strike
1-2: Ground out 4-3 (Groundball, 4, EV 81.9 MPH)
Batting: RHB Paul Byrd 0-0: Foul Ball, location: 2F
0-1: Ground out 3-1 (Groundball, 34, EV 77.5 MPH)
Batting: RHB Gabrio Campoverde 0-0: Ball
1-0: Called Strike
1-1: SINGLE (Groundball, 56D, EV 95.6 MPH)
Pitching: LHP Peter Ventola
Batting: RHB Ernesto Trevino 0-0: Called Strike
0-1: Foul Ball, location: 2F
0-2: Ball
1-2: Fielders Choice at 2nd, 5-4 (Groundball, 56, EV 98.8 MPH)
Bottom of the 6th over - 0 runs, 1 hit, 0 errors, 1 left on base; Alloway 0 - Hialeah 4
TOP OF THE 7TH
Alloway Halberds batting - Pitching for Hialeah Dodos : RHP Pedro López
Batting: RHB Jordan Hollins 0-0: Swinging Strike
0-1: Ball
1-1: Ball
2-1: Swinging Strike
2-2: Fly out, F7 (Flyball, 7LSF, EV 85.0 MPH)
Batting: LHB Juan Jimínez 0-0: Called Strike
0-1: Called Strike
0-2: SOLO HOME RUN (Line Drive, 9D, EV 105.0 MPH), Distance : 372 ft
Batting: RHB Tom Boyer 0-0: Ball
1-0: Swinging Strike
1-1: Swinging Strike
1-2: Ball
2-2: SOLO HOME RUN (Flyball, 9LD, EV 90.6 MPH), Distance : 337 ft
Batting: LHB Bora Garasanin 0-0: Called Strike
0-1: Ball
1-1: Ball
2-1: Ball
3-1: Swinging Strike
3-2: Ground out 6-3 (Groundball, 6MS, EV 70.0 MPH)
Batting: RHB Manny Gonzáles 0-0: Ground out 6-3 (Groundball, 6M, EV 89.4 MPH)
Top of the 7th over - 2 runs, 2 hits, 0 errors, 0 left on base; Alloway 2 - Hialeah 4
BOTTOM OF THE 7TH
Hialeah Dodos batting - Pitching for Alloway Halberds : LHP Peter Ventola
Batting: RHB Richard Sonntag 0-0: Ball
1-0: Ball
2-0: Called Strike
2-1: Ground out 6-3 (Groundball, 6, EV 88.8 MPH)
Batting: SHB Arvo Helminen 0-0: Ball
1-0: Called Strike
1-1: Ball
2-1: Ball
3-1: SINGLE (Groundball, 25, EV 70.0 MPH) (infield hit)
Batting: RHB Daniel Maldonado 0-0: Ball
1-0: Called Strike
1-1: 2-RUN HOME RUN (Flyball, 7LD, EV 97.5 MPH), Distance : 358 ft
Batting: RHB Nick Boyd 0-0: Ball
1-0: Hit by Pitch
Batting: RHB Jon Deal 0-0: Ball
1-0: Swinging Strike
1-1: Foul Ball, location: 2F
1-2: Ball
2-2: Ball
3-2: Grounds into double play, U3-6 (Groundball, 3L, EV 90.6 MPH)
Bottom of the 7th over - 2 runs, 2 hits, 0 errors, 0 left on base; Alloway 2 - Hialeah 6
TOP OF THE 8TH
Alloway Halberds batting - Pitching for Hialeah Dodos : RHP Pedro López
Pitching: RHP Mat Tengku
Batting: RHB Carlos Garza 0-0: Ball
1-0: Swinging Strike
1-1: Called Strike
1-2: Ball
2-2: Strikes out swinging
Batting: RHB Greg Bugarin 0-0: Called Strike
0-1: Ball
1-1: Foul Ball, location: 2F
1-2: Foul Ball, location: 2F
1-2: Foul Ball, location: 2F
1-2: Foul Ball, location: 2F
1-2: Strikes out looking
Batting: RHB Scotty Smalls 0-0: Called Strike
0-1: Foul Ball, location: 2F
0-2: Foul Ball, location: 2F
0-2: Ball
1-2: Ball
2-2: Ball
3-2: Foul Ball, location: 2F
3-2: Foul Ball, location: 2F
3-2: Base on Balls
Batting: RHB José Alcalá 0-0: Foul Ball, location: 2F
0-1: Called Strike
0-2: Ball
1-2: Fielders Choice at 2nd, 6-4 (Groundball, 6, EV 78.1 MPH)
Top of the 8th over - 0 runs, 0 hits, 0 errors, 1 left on base; Alloway 2 - Hialeah 6
BOTTOM OF THE 8TH
Hialeah Dodos batting - Pitching for Alloway Halberds : LHP Peter Ventola
Batting: RHB Dan Chrzan 0-0: Fly out, F6 (Popup, 6MD, EV 53.8 MPH)
Batting: RHB Paul Byrd 0-0: Hit by Pitch
Batting: RHB Gabrio Campoverde 0-0: Ball
1-0: Ball
2-0: Ball
3-0: Base on Balls
Paul Byrd to second
Pitching: RHP John Vaillancourt
Batting: RHB Ernesto Trevino 0-0: Foul Ball, location: 2F
0-1: Foul Ball, location: 2F
0-2: Ball
1-2: Strikes out looking
Batting: RHB Richard Sonntag 0-0: Ground out 5-3 (Groundball, 56S, EV 81.2 MPH)
Bottom of the 8th over - 0 runs, 0 hits, 0 errors, 2 left on base; Alloway 2 - Hialeah 6
TOP OF THE 9TH
Alloway Halberds batting - Pitching for Hialeah Dodos : RHP Mat Tengku
Batting: RHB Jordan Hollins 0-0: Called Strike
0-1: Ball
1-1: Ball
2-1: Foul Ball, location: 2F
2-2: Ball
3-2: Foul Ball, location: 2F
3-2: Base on Balls
Batting: LHB Juan Jimínez 0-0: Called Strike
0-1: Ball
1-1: Swinging Strike
1-2: Strikes out swinging
Batting: RHB Tom Boyer 0-0: Ball
1-0: Ball
2-0: Ball
3-0: Called Strike
3-1: Base on Balls
Jordan Hollins to second
Pitching: RHP Kenny Hannah
Batting: LHB Bora Garasanin 0-0: Called Strike
0-1: Ball
1-1: Foul Ball, location: 2F
1-2: Foul Ball, location: 2F
1-2: SINGLE (Flyball, 78M, EV 94.4 MPH)
Jordan Hollins to third
Tom Boyer to second
Batting: RHB Manny Gonzáles 0-0: Ball
1-0: Called Strike
1-1: Swinging Strike
1-2: Strikes out swinging
Batting: RHB Carlos Garza 0-0: Ball
1-0: Fielders Choice at 2nd, 6-4 (Groundball, 6, EV 83.8 MPH)
Top of the 9th over - 0 runs, 1 hit, 0 errors, 3 left on base; Alloway 2 - Hialeah 6
Thursday, January 23rd, 2020 - OOTP Baseball 20.8 Build 74